 Dungeon Crawl Stone Soup version 0.25-a0-164-gb55e97dba5 (webtiles) character file.

Game seed: 15412099337301986176, levelgen mode: deterministic

6878 Leeroy the Carver (level 10, -6/81 HPs)
             Began as a Black Draconian Conjurer on Nov 22, 2019.
             Was a High Priest of Okawaru.
             Mangled by Fannar
             ... wielding a +0 quarterstaff of freezing
              (10 damage)
             ... on level 10 of the Dungeon.
             The game lasted 00:39:04 (15390 turns).

Leeroy the Carver (Black Draconian Conjurer)       Turns: 15390, Time: 00:39:04

Health: -6/81      AC: 10    Str: 13    XL:     10   Next: 78%
Magic:  20/24      EV: 16    Int: 15    God:    Okawaru [*****.]
Gold:   135        SH:  0    Dex: 13    Spells: 20/29 levels left

rFire    . . .     SeeInvis .   u - +5 long sword
rCold    . . .     Gourm    .   (no shield)
rNeg     . . .     Faith    .   (armour unavailable)
rPois    .         Spirit   .   (helmet restricted)
rElec    +         Reflect  .   V - +0 cloak
rCorr    .         Harm     .   i - +0 pair of gloves
MR       .....                  N - +0 pair of boots
Stlth    +++.......             (no amulet)
HPRegen  0.23/turn              F - ring of wizardry
MPRegen  0.19/turn              (no ring)

@: short of breath, heroism
A: breathe lightning, unfitting armour, electricity resistance, cold-blooded, AC
+7
a: Breathe Lightning, Heroism, Finesse, Renounce Religion


You were on level 10 of the Dungeon.
You worshipped Okawaru.
Okawaru was extremely pleased with you.
You were near starving.

You visited 2 branches of the dungeon, and saw 11 of its levels.

You collected 536 gold pieces.
You spent 401 gold pieces at shops.

Inventory:

Hand Weapons
 f - a +2 dagger of venom
 k - a +0 mace
 l - a +0 short sword
 n - a +2 whip of venom
 p - a +2 war axe of chopping
 u - a +5 long sword (weapon)
 w - a +1 spear of piercing
 y - a +0 long sword
 L - a +2 dire flail of protection
 O - a +3 rapier
 S - a +0 whip of freezing
 T - a +1 dagger of electrocution
 U - a +0 broad axe
 X - a +1 hunting sling of flaming
Missiles
 d - 3 atropa-tipped darts (quivered)
 t - 5 silver boomerangs
 C - 18 poisoned darts
 K - 6 javelins
 Y - 19 sling bullets
Armour
 i - a +0 pair of gloves (worn)
 N - a +0 pair of boots (worn)
 V - a +0 cloak (worn)
Magical Staves
 A - an uncursed staff of air {unknown}
Jewellery
 h - an uncursed ring of positive energy
 B - an uncursed ring of resist corrosion
 F - a ring of wizardry (left hand)
 J - an uncursed ring of flight
Wands
 r - a wand of polymorph (22)
 x - a wand of random effects (23)
 D - a wand of acid (6)
 M - a wand of clouds (7)
 Q - a wand of digging (6)
Scrolls
 g - 2 scrolls of identify
 j - 6 scrolls of enchant weapon
 m - 2 scrolls of immolation
 o - 3 scrolls of enchant armour
 z - a scroll of fear {unknown}
 E - 2 scrolls of random uselessness {unknown}
 G - a scroll of remove curse {unknown}
 P - 4 scrolls of teleportation
 R - a scroll of magic mapping
Potions
 a - 5 potions of agility {unknown}
 c - 3 potions of flight {unknown}
 e - 2 potions of curing
 q - 2 potions of ambrosia {unknown}
 s - 2 potions of degeneration {unknown}
 v - a potion of magic {unknown}
 H - a potion of might {unknown}
 I - 2 potions of haste {unknown}
 W - a potion of brilliance {unknown}
Comestibles
 b - 8 rations


   Skills:
 - Level 5.2(10.2) Fighting
 - Level 2.9(12.1) Short Blades
 - Level 10.1(15.3) Long Blades
 - Level 2.2(7.2) Dodging
 - Level 1.7(6.7) Stealth
 - Level 10.0 Spellcasting
 - Level 4.0 Conjurations
 + Level 5.3 Air Magic
 - Level 0.2 Invocations


You had 20 spell levels left.
You knew the following spells:

 Your Spells              Type           Power        Failure   Level  Hunger
a - Magic Dart            Conj           ###.         1%          1    None
b - Searing Ray           Conj           ###...       1%          2    None
c - Dazzling Spray        Conj/Hex       ##....       5%          3    None
d - Mephitic Cloud        Conj/Pois/Air  ###.....     3%          3    None

Your spell library contained the following spells:

 Spells                   Type           Power        Failure   Level  Hunger
 Conjure Flame            Conj/Fire      ##......     5%          3    None
 Blink                    Tloc           N/A          6%          2    None
 Call Imp                 Summ           #.......     6%          2    None
 Slow                     Hex            #.......     6%          2    None
 Iskenderun's Mystic Bla  Conj           ###.....     8%          4    ###....
 Force Lance              Conj/Tloc      ##......     16%         4    ###....
 Fulminant Prism          Conj/Hex       ##........   16%         4    ###....


Dungeon Overview and Level Annotations

Branches:
Dungeon (10/15)            Temple (1/1) D:4
   Lair: D:8-11         Orc: D:9-12

Altars:
Ashenzari
Cheibriados
Dithmenos
Fedhas
Gozag
Hepliaklqana
Kikubaaqudgha
Makhleb
Nemelex Xobeh
Okawaru
Qazlal
Sif Muna
Trog
Uskayaw
Vehumet
Xom
Yredelemnul
Zin
The Shining One

Shops:
D:4 !:   D:7 (?   D:9 (

Annotations:
D:2 1 runed translucent door, Crazy Yiuf
D:5 2 transporters, Lanoc's ghost, novice MfCK
D:9 Erolcha; Maurice
D:10 Fannar


Innate Abilities, Weirdness & Mutations

You can breathe wild blasts of lightning.
Your glossy black scales are hard. (AC +7)
You cannot fit into any form of body armour.
You are resistant to electric shocks. (rElec)
You are cold-blooded and may be slowed by cold attacks.


Message History

Fannar is severely wounded.
You closely miss Fannar.
Fannar is severely wounded.
Fannar hits you with a +0 quarterstaff of freezing.
* * * LOW HITPOINT WARNING * * *
Fannar freezes you.
* * * LOW HITPOINT WARNING * * *
You gain the combat prowess of a mighty hero.
Fannar is no longer blind.
Fannar misses you.
You slash Fannar!
Fannar is almost dead.
Fannar casts a spell at you. The bolt of cold hits you!
* * * LOW HITPOINT WARNING * * *
You closely miss Fannar.
Fannar is almost dead.
You miss Fannar.
Fannar is almost dead.
Fannar hits you with a +0 quarterstaff of freezing!
You die...

#Y# #.# #.# #.#
#5# #.# #.# #(#
#.# #.# #.# #.#
#.# #รท#
###.############e#
......Y.........@#
##################


You could see Fannar.

Vanquished Creatures
  Pikel (D:9)
  Joseph (D:10)
  A centaur skeleton (D:10)
  6 yaks (D:10)
  A wraith (D:10)
  A wyvern (D:9)
  2 hungry ghosts (D:8)
  Edmund (D:6)
  A soldier ant (D:10)
  A water moccasin (D:9)
  Duvessa (D:7)
  2 ice beasts
  2 orc warriors
  A black bear (D:10)
  A hornet zombie (D:9)
  2 sky beasts
  6 ogres
  3 centaurs
  A big kobold (D:6)
  6 bullfrogs
  2 wyvern zombies
  A wyvern skeleton (D:8)
  A scorpion (D:5)
  Dowan (D:7)
  7 killer bees
  7 crimson imps
  4 howler monkeys (D:8)
  A bullfrog zombie (D:7)
  A centaur zombie (D:6)
  A quasit (D:8)
  2 hounds
  2 jellies
  A gnoll shaman (D:5)
  2 bullfrog skeletons
  4 orc priests
  8 iguanas
  6 orc wizards
  9 worker ants
  11 adders
  3 gnolls
  3 shadow imps
  2 oozes
  An adder zombie (D:8)
  3 adder skeletons
  2 worms
  A dart slug (D:2)
  5 leopard geckos
  24 orcs
  4 giant cockroaches
  8 goblins
  14 hobgoblins
  2 jackals (D:1)
  8 quokkas
  8 bats
  5 frilled lizards
  A jackal skeleton (D:4)
  10 kobolds
  A quokka zombie (D:5)
  8 rats
  A butterfly (D:3)
226 creatures vanquished.

Vanquished Creatures (others)
  4 slaves (D:9)
  A wyvern skeleton (D:9)
  A hound (D:9)
  An orc priest (D:9)
  2 orcs (D:9)
  A jackal skeleton (D:9)
10 creatures vanquished.

Grand Total: 236 creatures vanquished

Notes
Turn   | Place    | Note
-------+----------+-------------------------------------------
     0 | D:1      | Leeroy the Draconian Conjurer began the quest for the Orb.
     0 | D:1      | Reached XP level 1. HP: 14/14 MP: 3/3
   292 | D:1      | Reached skill level 1 in Fighting
   292 | D:1      | Reached XP level 2. HP: 20/23 MP: 5/5
   312 | D:1      | Learned a level 2 spell: Searing Ray
  1666 | D:2      | Reached skill level 1 in Short Blades
  1666 | D:2      | Reached XP level 3. HP: 30/30 MP: 1/6
  1804 | D:2      | Found a runed translucent door.
  1805 | D:2      | Noticed Crazy Yiuf
  2383 | D:2      | Learned a level 3 spell: Dazzling Spray
  2562 | D:3      | Reached XP level 4. HP: 37/37 MP: 7/7
  3282 | D:3      | Reached skill level 1 in Long Blades
  3506 | D:3      | Found a shimmering altar of Xom.
  3654 | D:3      | Reached XP level 5. HP: 41/42 MP: 8/8
  3717 | D:4      | Found an ancient bone altar of Kikubaaqudgha.
  4275 | D:4      | Found Naucoux's Distillery.
  4278 | D:4      | Bought a potion of heal wounds for 50 gold pieces
  4278 | D:4      | Bought a potion of curing for 30 gold pieces
  4278 | D:4      | Bought a potion of lignification for 30 gold pieces
  4329 | D:4      | Found Pamu Faw's Book Emporium.
  4446 | D:4      | Found a glowing silver altar of Zin.
  4487 | D:4      | Found a staircase to the Ecumenical Temple.
  4498 | Temple   | Entered the Ecumenical Temple
  4585 | Temple   | Became a worshipper of Warmaster Okawaru
  4681 | D:5      | Entered Level 5 of the Dungeon
  4689 | D:5      | Found a transporter.
  4702 | D:5      | Reached XP level 6. HP: 39/49 MP: 3/9
  4735 | D:5      | Noticed a sky beast
  4744 | D:5      | Killed a sky beast
  4853 | D:5      | Reached skill level 5 in Long Blades
  5050 | D:5      | Your scales start taking on a glossy black colour.
  5050 | D:5      | Reached XP level 7. HP: 49/56 MP: 0/10
  5050 | D:5      | Gained mutation: You are resistant to electric shocks.
                  | (rElec) [Black Draconian growth]
  5124 | D:5      | Reached * piety under Okawaru
  5175 | D:5      | Found a transporter.
  5175 | D:5      | Noticed Lanoc's ghost (novice MfCK)
  6315 | D:6      | Reached XP level 8. HP: 52/62 MP: 11/11
  6415 | D:5      | Reached ** piety under Okawaru
  6758 | D:6      | Noticed Edmund
  6840 | D:6      | Killed Edmund
  7415 | D:6      | Learned a level 3 spell: Mephitic Cloud
  7643 | D:6      | Found a sparkling altar of Nemelex Xobeh.
  7960 | D:7      | Found Iwkydwai's Antique Weapon Shoppe.
  8201 | D:7      | Noticed Dowan
  8202 | D:7      | Noticed Duvessa
  8263 | D:8      | Reached skill level 10 in Long Blades
  8432 | D:7      | Found Lext's Magic Scroll Emporium.
  8485 | D:7      | Reached XP level 9. HP: 16/73 MP: 6/12
  8764 | D:6      | Reached *** piety under Okawaru
  8764 | D:6      | Reached skill level 5 in Fighting
  9439 | D:8      | Found a blossoming altar of Fedhas.
  9440 | D:8      | Found a shadowy altar of Dithmenos.
  9441 | D:8      | Found a glowing golden altar of the Shining One.
  9696 | D:8      | Found a bloodstained altar of Trog.
  9711 | D:8      | Reached skill level 5 in Spellcasting
 11110 | D:9      | Noticed Pikel
 11127 | D:9      | Killed Pikel
 11127 | D:9      | Reached **** piety under Okawaru
 11484 | D:7      | Killed Dowan
 11501 | D:7      | Killed Duvessa
 11544 | D:7      | Bought a scroll of enchant weapon for 97 gold pieces
 11544 | D:7      | Bought a scroll of enchant armour for 97 gold pieces
 11544 | D:7      | Bought a scroll of enchant armour for 97 gold pieces
 11641 | D:7      | Reached XP level 10. HP: 69/81 MP: 21/21
 12501 | D:9      | Reached ***** piety under Okawaru
 12588 | D:9      | Noticed Erolcha
 12893 | D:10     | Entered Level 10 of the Dungeon
 12905 | D:10     | Noticed a death yak
 13282 | D:10     | Noticed Fannar
 13886 | D:9      | Found Boychuh's Weapon Boutique.
 14294 | D:9      | Noticed Maurice
 14400 | D:10     | Noticed Joseph
 14479 | D:10     | Killed Joseph
 14511 | D:10     | Reached skill level 10 in Spellcasting
 15233 | D:10     | Reached skill level 5 in Air Magic
 15388 | D:10     | HP: 4/81 [Fannar/bolt of cold (13)]
 15390 | D:10     | Mangled by Fannar

Levels and vault maps discovered:
D:1:      lightli_arrival_quake, layout_rooms, st_stairs_2, minivault_25
D:2:      layout_basic, first_ration, uniq_crazy_yiuf_cottage
D:3:      layout_loops_cross, xom_butterflies, minmay_goblin_kobold_house
D:4:      layout_cave_pools, lemuel_crystal_altar, lemuel_round_altar,
          minmay_temple_entry_proselytizer, serial_shops, shop_statue, shop,
          serial_bayou_pond_c
D:5:      layout_basic, gammafunk_ghost_mausoleum
D:6:      layout_gridville, nemelex_dance_club_becter, uniq_edmund
D:7:      layout_cave_pods, serial_shops, nicolae_shop_statue_plus,
          nicolae_shop_stone, uniq_duvessa
D:8:      cheibrodos_barr_body, layout_rooms,
          chequers_temple_overflow_statue_of_worship, trog_butcher_becter
D:9:      layout_stronghold, serial_shops, kennysheep_mini_moat, uniq_maurice,
          uniq_erolcha, uniq_pikel
D:10:     layout_small_grid, dpeg_lair_monsters, hangedman_pestilent_swarm,
          uniq_josephine, uniq_joseph, uniq_fannar
Temple:   regret_index_temple_sphere_string

Skill      XL: |  1  2  3  4  5  6  7  8  9 10 |
---------------+-------------------------------+-----
Dodging        | 2 |  2.2
Fighting       | 1 2 4 5 |  5.2
Short Blades   | 1 2 |  2.9
Long Blades    | 1 4 5 8 10 | 10.1
Spellcasting   | 7 10 | 10.0
Air Magic      | 5 |  5.3
Stealth        | |  1.7
Conjurations   | |  4.0
Invocations    | |  0.2

Action                   |  1- 3 |  4- 6 |  7- 9 | 10-12 || total
-------------------------+-------+-------+-------+-------++-------
Melee: Unarmed           |    44 |       |       |       ||    44
       Short sword       |    43 |    40 |     7 |       ||    90
       Mace              |     4 |       |       |       ||     4
       Tailslap          |     6 |    14 |    44 |    32 ||    96
       Long sword        |       |   117 |   312 |   184 ||   613
       War axe           |       |     7 |       |       ||     7
       Dagger            |       |       |    10 |    19 ||    29
       Punch             |       |       |       |     2 ||     2
 Cast: Magic Dart        |    30 |     4 |       |       ||    34
       Searing Ray       |     3 |     6 |    11 |     1 ||    21
       Dazzling Spray    |       |     7 |     6 |    17 ||    30
       Mephitic Cloud    |       |       |     6 |     9 ||    15
Invok: Heroism           |       |       |     2 |     4 ||     6
 Abil: Breathe Lightning |       |       |    10 |     2 ||    12
  Use: Scroll            |       |       |     4 |     4 ||     8
       Potion            |       |       |     3 |     4 ||     7
 Stab: Sleeping          |     1 |     1 |     2 |     3 ||     7
       Invisible         |       |     2 |     3 |     2 ||     7
       Distracted        |       |     1 |       |       ||     1
       Confused          |       |       |     1 |     6 ||     7
  Eat: Chunk             |     5 |     7 |    17 |     5 ||    34
       Ration            |       |     1 |     4 |     1 ||     6
Armor: Skin              |    31 |    60 |   104 |    80 ||   275
Dodge: Dodged            |    59 |   105 |   244 |   117 ||   525
       Rpst.: Long sword |       |    22 |    80 |    31 ||   133

Table legend:
 A = Non-vault XP
 B = Vault XP
 C = Vault XP percentage of total XP
 D = Non-vault monster count
 E = Vault monster count
 F = Vault count percentage of total count
                 A         B        C        D         E       F
            +---------+---------+-------+---------+---------+-------
      Total |    6965 |    2862 |  29.1 |     195 |      30 |  13.3
            +---------+---------+-------+---------+---------+-------
        D:1 |      29 |       3 |   9.4 |      19 |       2 |   9.5
        D:2 |      63 |       0 |   0.0 |      16 |       0 |   0.0
        D:3 |     102 |       7 |   6.4 |      27 |       4 |  12.9
        D:4 |     116 |      38 |  24.7 |       8 |       1 |  11.1
        D:5 |    1087 |       0 |   0.0 |      29 |       0 |   0.0
        D:6 |     364 |     282 |  43.7 |      16 |       3 |  15.8
        D:7 |     710 |     218 |  23.5 |      21 |       2 |   8.7
        D:8 |     897 |     945 |  51.3 |      19 |      14 |  42.4
        D:9 |    1070 |     641 |  37.5 |      15 |       1 |   6.2
       D:10 |    2527 |     728 |  22.4 |      25 |       3 |  10.7
            +---------+---------+-------+---------+---------+-------
